 Dungeon Crawl Stone Soup version 0.25-a0-610-gd0df705f03 (webtiles) character file.

Game seed: 1998988460981315281, levelgen mode: classic

29684 EnegeticOcto the Cleaver (level 13, -3/122 HPs)
             Began as a Deep Dwarf Fighter on Mar 16, 2020.
             Was a High Priest of Makhleb.
             Killed from afar by an orc sorcerer (33 damage)
             ... with an exploding inner flame
             ... hexed by the player character
             ... on level 2 of the Orcish Mines.
             The game lasted 00:09:35 (11207 turns).

EnegeticOcto the Cleaver (Deep Dwarf Fighter)      Turns: 11207, Time: 00:09:36

Health: -3/122     AC: 20    Str: 25    XL:     13   Next: 16%
Magic:  16/16      EV: 13    Int:  6    God:    Makhleb [*****.]
Gold:   1635       SH: 11    Dex: 12    Spells: 12/12 levels left

rFire    . . .     SeeInvis .   w - +2 war axe (vorpal)
rCold    . . .     Gourm    .   c - +0 kite shield
rNeg     . . .     Faith    .   p - +0 plate armour
rPois    +         Spirit   .   C - +0 helmet
rElec    +         Reflect  .   o - +1 cloak
rCorr    .         Harm     .   G - +2 pair of gloves
MR       ++...                  (no boots)
Stlth    ..........             (no amulet)
HPRegen  0.00/turn              t - +5 ring of evasion
MPRegen  0.15/turn              v - ring "Cale" {rElec rPois MR+ Int-3}

@: non-regenerating, lightly drained
A: damage resistance, heal wounds, sense surroundings 2, no regeneration
a: Heal Wounds, Minor Destruction, Lesser Servant of Makhleb, Major Destruction,
Greater Servant of Makhleb, Renounce Religion


You were on level 2 of the Orcish Mines.
You worshipped Makhleb.
Makhleb was extremely pleased with you.
You were not hungry.

You visited 3 branches of the dungeon, and saw 15 of its levels.
You also visited: Bailey.

You collected 2019 gold pieces.
You spent 384 gold pieces at shops.

Inventory:

Hand Weapons
 a - a +0 broad axe
 w - a +2 vorpal war axe (weapon)
Missiles
 b - 6 throwing nets (quivered)
Armour
 c - a +0 kite shield (worn)
 o - a +1 cloak (worn)
 p - a +0 plate armour (worn)
 C - a +0 helmet (worn)
 G - a +2 pair of gloves (worn)
Jewellery
 h - the ring "Unlaw" {MR+ AC+2 SInv Stlth+}
   (You bought it in a shop on level 4 of the Dungeon)

   [ring of protection]

   It affects your AC (+2).
   It affects your resistance to hostile enchantments.
   It lets you see invisible.
   It makes you more stealthy.
 t - a +5 ring of evasion (left hand)
 v - the ring "Cale" (right hand) {rElec rPois MR+ Int-3}
   (You acquired it in a bailey)

   [ring of poison resistance]

   It affects your intelligence (-3).
   It insulates you from electricity.
   It protects you from poison.
   It affects your resistance to hostile enchantments.
 D - an uncursed ring of resist corrosion
 H - a cursed ring of attention {unknown}
Wands
 i - a wand of paralysis (2)
 x - a wand of polymorph (23)
 E - a wand of scattershot (7)
 F - a wand of flame (24)
Scrolls
 f - 6 scrolls of teleportation {@r2}
 g - 3 scrolls of enchant weapon
 q - a scroll of immolation {@r4}
 r - 9 scrolls of remove curse {@r6}
 y - 2 scrolls of identify {@r1}
 J - a scroll of fog {unknown}
Potions
 d - a potion of invisibility
 j - 2 potions of stabbing {@q5}
 k - 2 potions of might {@q3}
 l - 14 potions of curing {@q1}
 m - 2 potions of heal wounds {@q2}
 n - a potion of haste {@q4}
 s - 3 potions of mutation
 u - 2 potions of flight
 z - a potion of magic
 A - 3 potions of lignification {@q7}
 B - 3 potions of berserk rage
Comestibles
 e - 24 rations
 I - 7 chunks of flesh


   Skills:
 * Level 9.7(9.1) Fighting
 * Level 14.2(13.6) Axes
 + Level 8.6(8.0) Armour
 + Level 6.9(6.4) Dodging
 + Level 8.6(8.1) Shields
 * Level 11.6(11.0) Invocations


You had 12 spell levels left.
You didn't know any spells.
Your spell library was empty.

Dungeon Overview and Level Annotations

Branches:
Dungeon (12/15)            Temple (1/1) D:4            Lair (0/6) D:10
    Orc (2/2) D:12            Elf (0/3) Orc:2        Bailey (visited)

Altars:
Ashenzari
Cheibriados
Dithmenos
Elyvilon
Fedhas
Gozag
Hepliaklqana
Kikubaaqudgha
Makhleb
Nemelex Xobeh
Okawaru
Qazlal
Ru
Sif Muna
Trog
Uskayaw
Vehumet
Wu Jian
Xom
Yredelemnul
Zin
The Shining One
Beogh

Shops:
D:4 =   D:8 [}   D:10 (   D:12 %[([

Portals:
Trove: D:11 (give 7 scrolls of blinking)

Annotations:
D:6 1 runed translucent door, erdraug's ghost, novice TrMo
D:7 exclusion: statue
D:9 exclusion: orange crystal statue
Orc:1 3 runed translucent doors, Feni's ghost, novice DrTm


Innate Abilities, Weirdness & Mutations

You are resistant to damage.
You can heal yourself by infusing magical energy.
You passively map the area around you.
You do not regenerate.


Message History

Found a rat skeleton.
Your plate armour prevents you from hitting the orc knight.
You hit the orc warrior but do no damage.
The orc sorcerer gestures wildly while chanting.
You block the orc warrior's attack.
Your plate armour prevents you from hitting the orc knight.
You hit the orc warrior but do no damage.
The orc high priest prays to Beogh.
The orc warrior misses you.
You hear a shout!
There are monsters nearby!
There are monsters nearby!
There are monsters nearby!
You closely miss the orc knight. You closely miss the orc warrior.
Your plate armour prevents you from hitting something.
The orc knight misses you.
An orc warrior comes into view. It is wielding a +0 scimitar.
Something hits you but does no damage.
The orc high priest mumbles some strange prayers to Beogh.
There are monsters nearby!
There are monsters nearby!
You barely miss the orc knight.
You hit the orc warrior but do no damage.
Your plate armour prevents you from hitting something.
The soul eater disappears in a puff of smoke!
The orc warrior hits you with a +0 long sword!!
The orc wizard gestures wildly while chanting.
The orc wizard seems to speed up.
The orc knight hits you with a +0 long sword!!
The chaos spawn grows dozens of eye stalks in order to get a better look at you.
Something hits you but does no damage.
Your plate armour prevents you from hitting the orc knight.
You hit the orc warrior but do no damage.
You barely miss something.
The chaos spawn briefly grows a face disturbingly similar to your own.
The red devil hits you from afar with a +4 trident.
The orc sorcerer mumbles some strange words.
Something hits you but does no damage.
You slice the orc knight!!
The orc knight is moderately wounded.
Your shield and plate armour prevent you from hitting something.
You hit the orc sorcerer.
The orc high priest invokes the aid of Beogh against you.
Beogh smites you!
The orc knight hits you with a +0 long sword!!
Your plate armour prevents you from hitting the orc knight.
The orc knight is moderately wounded.
You slash the orc sorcerer! You closely miss something.
The red devil hits you but does no damage.
You hear some strange, mumbled words.
A magic dart appears from out of thin air!
The magic dart hits you.
The orc high priest calls upon Beogh to heal something.
The orc knight hits you with a +0 long sword!
The orc wizard miscasts a cantrip.
The orc sorcerer completely misses you.
You are too injured to fight recklessly!
You are too injured to fight recklessly!
You are too injured to fight recklessly!
You are too injured to fight recklessly!
You are too injured to fight recklessly!
You are too injured to fight recklessly!
Really read the scroll of immolation?
As you read the scroll of immolation {@r4}, it crumbles to dust.
The creatures around you are filled with an inner flame!
You block something's attack. You block the red devil's attack.
The orc high priest mumbles some strange prayers to Beogh.
The ynoxinul gestures.
The orc knight completely misses you. You block the orc sorcerer's attack.
Your shield and plate armour prevent you from hitting the orc sorcerer.
The orc sorcerer is heavily wounded.
You hit something.
Flame seeps out of something. x2
You closely miss the orc knight. The fiery explosion engulfs you!
* * * LOW HITPOINT WARNING * * *
The fiery explosion engulfs the orc knight!
Flame seeps out of the orc knight.
The orc knight is heavily wounded.
The fiery explosion engulfs the chaos spawn!!
The chaos spawn is severely wounded.
Makhleb accepts your kill.
You feel better.
Reactivating autopickup.
You feel a bit more experienced. The red devil completely misses you.
You feel much better.
You are engulfed in blazing flames.
The orc sorcerer points at you and mumbles some strange words.
The bolt of negative energy hits you!
You feel drained.
The orc knight is engulfed in blazing flames.
Flame seeps out of the orc knight.
The orc knight hits you with a +0 long sword!
The orc wizard miscasts a cantrip.
The red devil hits you from afar with a +4 trident!
The ynoxinul gestures.
You slash the orc sorcerer!
Flame seeps out of the orc sorcerer. x2
The orc sorcerer is almost dead.
You barely miss the orc knight.
You are engulfed in blazing flames.
* * * LOW HITPOINT WARNING * * *
The orc sorcerer is engulfed in blazing flames.
The orc sorcerer explodes!
The fiery explosion engulfs you!!!
You die...

..........#### ** ,
.#...........### *,,*
...............##
................# ,
.................# *,
............######
............##...### *
...........##...§°5##
..........##....@o4o# *
..........#...)##○4o53#
.........##...##
#oo45#* *
.........#....# oo5o.#*
.............##, 4oo4.÷
.............# ,,,4....
.............### ,....
.......>.....#.#, ....
............)#.# , *


You could see an orc knight (inner flame), 2 orc high priests, a rust devil, a
ynoxinul, 2 chaos spawn, an orc sorcerer (inner flame), 2 red devils, 3 orc
warriors, an orc priest (inner flame), an orc wizard (inner flame), an orc
(inner flame) and 4 ufetubi.

Vanquished Creatures
  An orc warlord (Bailey)
  Harold (D:8)
  Erolcha (D:10)
  A two-headed ogre (D:8)
  A centaur warrior (D:11)
  A tengu warrior (D:11)
  A deep elf knight (D:11)
  2 orc knights
  An orc sorcerer (Orc:1)
  A cyclops (D:12)
  An ugly thing (D:11)
  A centaur zombie (D:11)
  Psyche (D:12)
  A tengu conjurer (D:11)
  3 trolls
  2 hornets
  Prince Ribbit (D:6)
  4 hippogriffs
  2 wyverns
  8 yaks
  A wraith (D:11)
  2 vampire mosquitoes (D:11)
  A hungry ghost (D:8)
  An acid dragon (D:12)
  10 wargs
  Duvessa (D:4)
  2 water moccasins
  A sky beast (D:7)
  46 orc warriors
  4 ice beasts
  A black bear (D:8)
  A hornet zombie (D:7)
  5 phantoms
  A wolf (D:8)
  7 centaurs
  6 ogres
  A big kobold (D:11)
  A bullfrog (D:10)
  Dowan (D:4)
  2 gnoll sergeants (D:8)
  3 scorpions
  An electric eel (D:11)
  A howler monkey (D:8)
  2 crimson imps
  A bullfrog zombie (D:8)
  A jelly (D:11)
  12 orc priests
  12 hounds
  5 centaur skeletons
  A gnoll shaman (D:8)
  13 orc wizards
  A bullfrog skeleton (D:8)
  Jessica (D:3)
  4 iguanas
  5 worker ants
  A killer bee zombie (D:9)
  A hound zombie (D:9)
  A hound skeleton (D:8)
  A worker ant zombie (D:5)
  24 gnolls
  12 adders
  2 shadow imps
  3 oozes
  An adder zombie (D:9)
  4 worms
  3 dart slugs
  5 leopard geckos
  66 orcs
  6 bats
  6 giant cockroaches
  29 goblins
  20 hobgoblins
  9 jackals
  14 kobolds
  6 quokkas
  A ball python zombie (D:6)
  3 frilled lizards
  8 rats
419 creatures vanquished.

Vanquished Creatures (others)
  A worker ant (D:11)
1 creature vanquished.

Grand Total: 420 creatures vanquished

Notes
Turn   | Place    | Note
-------+----------+-------------------------------------------
     0 | D:1      | EnegeticOcto the Deep Dwarf Fighter began the quest for the
                  | Orb.
     0 | D:1      | Reached XP level 1. HP: 20/20 MP: 1/1
   191 | D:1      | Reached XP level 2. HP: 25/27 MP: 2/2
   841 | D:2      | Found a hazy altar of Hepliaklqana.
   936 | D:2      | Reached XP level 3. HP: 31/34 MP: 3/3
  1055 | D:2      | Reached skill level 3 in Axes
  1461 | D:3      | Reached XP level 4. HP: 34/42 MP: 4/4
  1585 | D:3      | Noticed Jessica
  1593 | D:3      | Killed Jessica
  1595 | D:3      | Reached skill level 4 in Axes
  1595 | D:3      | Reached XP level 5. HP: 40/50 MP: 5/5
  2426 | D:4      | Found a staircase to the Ecumenical Temple.
  2436 | D:4      | Found an ornate altar of the Wu Jian Council.
  2604 | D:4      | Found Luivos's Jewellery Shoppe.
  2649 | D:4      | Noticed Duvessa
  2649 | D:4      | Noticed Dowan
  2661 | D:4      | Killed Duvessa
  2661 | D:4      | Reached XP level 6. HP: 39/58 MP: 6/6
  2687 | D:4      | Killed Dowan
  2687 | D:4      | Reached skill level 5 in Axes
  2829 | D:4      | Found a white marble altar of Elyvilon.
  2877 | D:4      | Reached XP level 7. HP: 41/66 MP: 7/7
  3242 | D:4      | Found a snail-covered altar of Cheibriados.
  3324 | D:4      | Found a burning altar of Makhleb.
  3438 | D:5      | Entered Level 5 of the Dungeon
  3782 | Temple   | Entered the Ecumenical Temple
  4147 | D:4      | Became a worshipper of Makhleb the Destroyer
  4362 | D:5      | Found an iron altar of Okawaru.
  4400 | D:6      | Found a shadowy altar of Dithmenos.
  4405 | D:6      | Reached skill level 5 in Fighting
  4416 | D:6      | Found a stormy altar of Qazlal.
  4417 | D:6      | Found the +7 captain's cutlass {speed, disarm}
  4463 | D:6      | Noticed Prince Ribbit
  4491 | D:6      | Killed Prince Ribbit
  4491 | D:6      | Reached skill level 5 in Armour
  4491 | D:6      | Reached skill level 1 in Dodging
  4491 | D:6      | Reached skill level 5 in Shields
  4515 | D:6      | Found a shimmering altar of Xom.
  4577 | D:6      | Found a shimmering altar of Xom.
  4648 | D:6      | Reached skill level 6 in Axes
  4732 | D:6      | Reached XP level 8. HP: 60/74 MP: 9/9
  4745 | D:6      | Found a sacrificial altar of Ru.
  4814 | D:6      | Found a runed translucent door.
  4817 | D:6      | Noticed erdraug's ghost (novice TrMo)
  5316 | D:7      | Found a radiant altar of Vehumet.
  5328 | D:7      | Found an opulent altar of Gozag.
  5370 | D:7      | Reached * piety under Makhleb
  5657 | D:4      | Bought the ring "Unlaw" {MR+ AC+2 SInv Stlth+} for 384 gold
                  | pieces
  5789 | D:8      | Reached skill level 7 in Axes
  5789 | D:8      | Reached skill level 5 in Invocations
  5809 | D:8      | Gained mutation: You passively map the area around you.
                  | [Deep Dwarf growth]
  5809 | D:8      | Reached XP level 9. HP: 63/82 MP: 12/12
  5813 | D:8      | Noticed Harold
  5829 | D:8      | Noticed a two-headed ogre
  5833 | D:8      | Killed Harold
  5854 | D:8      | Killed a two-headed ogre
  5854 | D:8      | Reached skill level 8 in Axes
  5893 | D:8      | Reached ** piety under Makhleb
  5969 | D:8      | Found Mumeit's Gadget Emporium.
  5978 | D:8      | Found a flagged portal.
  5993 | Bailey   | Entered a bailey
  6035 | Bailey   | Reached XP level 10. HP: 79/94 MP: 13/13
  6111 | Bailey   | Noticed an orc warlord
  6122 | Bailey   | Reached *** piety under Makhleb
  6126 | Bailey   | Killed an orc warlord
  6126 | Bailey   | Reached skill level 9 in Axes
  6146 | Bailey   | Reached skill level 5 in Dodging
  6433 | Bailey   | Identified a scroll of acquirement
  6433 | Bailey   | Identified the ring "Cale" {rElec rPois MR+ Int-3} (You
                  | acquired it in a bailey)
  6442 | D:8      | Reached skill level 12 in Axes
  6442 | D:8      | Reached XP level 11. HP: 103/103 MP: 13/13
  6477 | D:8      | Reached **** piety under Makhleb
  6645 | D:8      | Reached skill level 13 in Axes
  6843 | D:8      | Found Rutohoev's Armour Boutique.
  6961 | D:9      | Noticed an orange crystal statue
  7471 | D:9      | Found a shimmering blue altar of Sif Muna.
  7828 | D:9      | Found a sparkling altar of Nemelex Xobeh.
  8038 | D:10     | Entered Level 10 of the Dungeon
  8038 | D:10     | Found Qyteg's Antique Weapon Boutique.
  8076 | D:10     | Noticed Erolcha
  8085 | D:10     | Killed Erolcha
  8085 | D:10     | Reached XP level 12. HP: 103/112 MP: 13/15
  8122 | D:10     | Found a staircase to the Lair.
  8427 | D:10     | Found a shadowy altar of Dithmenos.
  8747 | D:11     | Reached ***** piety under Makhleb
  8750 | D:11     | Reached skill level 10 in Invocations
  8837 | D:11     | Noticed a tengu warrior
  8850 | D:11     | Killed a tengu warrior
  9062 | D:11     | Found an iron altar of Okawaru.
  9108 | D:11     | Found a portal to a secret trove of treasure.
  9204 | D:11     | Noticed a centaur warrior
  9217 | D:11     | Killed a centaur warrior
  9291 | D:11     | Identified the +3 eveningstar of Inconvenience {venom,
                  | Int+6 Stlth-}
  9455 | D:12     | Found Gayseciu's Weapon Shop.
  9514 | D:12     | Found Luveg's Antique Armour Boutique.
  9639 | D:12     | Found Yciromn Inom's Food Shop.
  9661 | D:12     | Noticed Psyche
  9670 | D:12     | Killed Psyche
  9682 | D:12     | Reached skill level 14 in Axes
  9865 | D:12     | Found a staircase to the Orcish Mines.
  9928 | D:12     | Found Plog's Armour Shop.
 10148 | Orc:1    | Entered Level 1 of the Orcish Mines
 10160 | Orc:1    | Found a runed translucent gate.
 10160 | Orc:1    | Found a runed translucent gate.
 10166 | Orc:1    | Found a runed translucent gate.
 10167 | Orc:1    | Noticed Feni's ghost (novice DrTm)
 10308 | Orc:1    | Reached XP level 13. HP: 86/121 MP: 16/16
 10309 | Orc:1    | Found a roughly hewn altar of Beogh.
 10481 | Orc:2    | Entered Level 2 of the Orcish Mines
 10877 | Orc:2    | Found a staircase to the Elven Halls.
 11207 | Orc:2    | Killed from afar by an orc sorcerer

Levels and vault maps discovered:
D:1:      wander_arrival_lonely_grave, layout_loops_cross
D:2:      layout_loops_ring, marbit_many_paths, serial_forest,
          infiniplex_forest_end_3, infiniplex_forest_straight_5,
          infiniplex_forest_lined_2, infiniplex_forest_clump_tiny,
          infiniplex_forest_clump_curved, infiniplex_forest_end_3,
          eino_curves_04
D:3:      minmay_angry_zag, layout_basic, first_ration, uniq_jessica
D:4:      layout_layer_cave, kennysheep_mini_moat, lightli_temple_of_fire,
          kennysheep_slug_shrine, elyvilon_altar_3,
          minmay_temple_entry_from_below_b, serial_shops, shop, nrook_campfire,
          serial_bayou_lake_a, uniq_duvessa
D:5:      layout_basic, okawaru_altar_gauntlet_db
D:6:      layout_gridville, old_standard_altar, overflow_temple_1_default,
          nicolae_overflow_crystal_walls, nicolae_qazlal_general_emergency,
          basic_altar, ebering_ghost_reflecting_pool, uniq_prince_ribbit1
D:7:      layout_basic, grunt_gozag_breadcrumbs, vehumet_statue, grunt_ogre_cave
D:8:      layout_cave_pools, serial_shops, shop, enter_bailey_3,
          serial_gnoll_camp, gnoll_camp_mini_house, gnoll_camp_mini_shop,
          gnoll_camp_mini_basic, gnoll_camp_mini_doghouse,
          gnoll_camp_mini_house, uniq_harold
D:9:      layout_loops_corners, lemuel_coloured_pillars_altar,
          minmay_misc_feat_cross, minivault_15, nemelex_lonely_heart_becter
D:10:     layout_loops_cross, lair_entry_dummy, serial_rivers,
          chequers_serial_rivers_micro_a, chequers_serial_rivers_small_3,
          chequers_serial_rivers_micro_a, chequers_serial_rivers_micro_d,
          serial_shops, nicolae_shop_competitors_out_of_business,
          nicolae_dithmenos_the_darkroom, uniq_erolcha
D:11:     evilmike_iron_armoury, layout_rooms, nicolae_trove_entry_crossroad,
          nooodl_orcs_dogs
D:12:     layout_irregular_city, minmay_orc_entry_guard_dogs, serial_shops,
          shop_statue, nicolae_shop_window_shopping, shop, shop, uniq_psyche
Temple:   compressed_dpeg_triangle_lava_temple
Orc:1:    nicolae_orc_accident_2, layout_caves, ebering_ghost_rock_garden
Orc:2:    grunt_orc_tribal_feast, layout_caves, minmay_orc_temple_a

Skill      XL: |  1  2  3  4  5  6  7  8  9 10 11 12 |
---------------+-------------------------------------+-----
Fighting       | 3 4 5 6 7 8 9 |  9.7
Axes           | 3 4 5 6 7 8 12 13 14 | 14.2
Armour         | 4 5 6 7 8 |  8.6
Shields        | 4 5 6 7 8 |  8.6
Dodging        | 1 3 4 5 6 |  6.9
Invocations    | 2 5 7 8 9 11 | 11.6

Action                   |  1- 3 |  4- 6 |  7- 9 | 10-12 | 13-15 || total
-------------------------+-------+-------+-------+-------+-------++-------
Melee: War axe           |   110 |   148 |   241 |   554 |   164 ||  1217
       Broad axe         |       |     6 |    20 |       |       ||    26
 Abil: Heal Wounds       |       |     3 |     7 |     9 |     2 ||    21
  Use: Scroll            |       |       |    14 |    10 |     1 ||    25
       Potion            |       |       |       |     1 |       ||     1
  Eat: Chunk             |     1 |     5 |    11 |    10 |     3 ||    30
       Ration            |       |       |     2 |       |       ||     2
Armor: Scale mail        |    13 |       |       |       |       ||    13
       Chain mail        |     6 |       |       |       |       ||     6
       Plate armour      |    36 |    97 |   121 |   195 |    44 ||   493
Dodge: Dodged            |    27 |    27 |   143 |   228 |    81 ||   506
Block: Kite shield       |    55 |    79 |   196 |   331 |   101 ||   762

Table legend:
 A = Non-vault XP
 B = Vault XP
 C = Vault XP percentage of total XP
 D = Non-vault monster count
 E = Vault monster count
 F = Vault count percentage of total count
                 A         B        C        D         E       F
            +---------+---------+-------+---------+---------+-------
      Total |   18397 |   14982 |  44.9 |     255 |     165 |  39.3
            +---------+---------+-------+---------+---------+-------
        D:1 |      32 |       0 |   0.0 |      18 |       0 |   0.0
        D:2 |      32 |       1 |   3.0 |      10 |       1 |   9.1
        D:3 |     235 |      42 |  15.2 |      39 |       3 |   7.1
        D:4 |     224 |     236 |  51.3 |      11 |       3 |  21.4
        D:5 |     157 |       8 |   4.8 |       7 |       6 |  46.2
        D:6 |     231 |     274 |  54.3 |      12 |       1 |   7.7
        D:7 |     949 |     125 |  11.6 |      14 |       1 |   6.7
        D:8 |    2162 |    1727 |  44.4 |      19 |      29 |  60.4
        D:9 |    1373 |       0 |   0.0 |      19 |       0 |   0.0
       D:10 |    2462 |     947 |  27.8 |      18 |       1 |   5.3
       D:11 |    5321 |    5208 |  49.5 |      30 |      29 |  49.2
       D:12 |    2011 |     936 |  31.8 |      11 |       4 |  26.7
      Orc:1 |    1253 |     519 |  29.3 |      12 |       5 |  29.4
      Orc:2 |    1955 |    1195 |  37.9 |      35 |      13 |  27.1
     Bailey |       0 |    3764 | 100.0 |       0 |      69 | 100.0
            +---------+---------+-------+---------+---------+-------
